 Dungeon Crawl Stone Soup version 0.28.0-53-g5a82cb258f (webtiles) character file.

Game seed: 2374769705225992776

510 buhh the Changer (level 7, -2/50 HPs)
             Began as an Octopode Transmuter on June 20, 2022.
             Was an Initiate of Cheibriados.
             Slain by a black bear (4 damage)
             ... on level 5 of the Dungeon.
             The game lasted 00:10:06 (6107 turns).

buhh the Changer (Octopode Transmuter)              Turns: 6107, Time: 00:10:07

Health: -2/50      AC:  2    Str: 10    XL:     7   Next: 19%
Magic:  0/10       EV: 19    Int: 18    God:    Cheibriados [......]
Gold:   257        SH:  0    Dex: 19    Spells: 4/10 levels left

rFire   . . .      SeeInvis .     - Unarmed
rCold   . . .      Faith    .   (shield currently unavailable)
rNeg    . . .      Spirit   +   (helmet currently unavailable)
rPois   .          Reflect  .   m - amulet of guardian spirit
rElec   .          Harm     .   g - ring of poison resistance
rCorr   .          Rampage  .   (no ring)
Will    .....                   (no ring)
Stlth   ++........              (no ring)
HPRegen 0.16/turn               (no ring)
MPRegen 0.12/turn               (no ring)
                                (no ring)
                                (no ring)

@: spider-form (expiring), very slow
A: venomous fangs, almost no armour, (amphibious), 8 rings, tiny, (camouflage
1), (gelatinous body 1), (nimble swimmer 1), (tentacles)
a: End Transformation, Renounce Religion


You were on level 5 of the Dungeon.
You worshipped Cheibriados.
Cheibriados was noncommittal.
You were a venomous arachnid creature.
You visited 2 branches of the dungeon, and saw 6 of its levels.

You collected 257 gold pieces.

Inventory:

Missiles
 f - 7 poisoned darts
 G - 3 javelins
Jewellery
 g - a ring of poison resistance (left front leg)
 m - an amulet of guardian spirit (around neck)
Wands
 F - a wand of iceblast (5)
Scrolls
 e - a scroll of enchant weapon {unknown}
 h - a scroll of teleportation {unknown}
 l - a scroll of immolation {unknown}
 Q - a scroll of fog
 Z - 3 scrolls of enchant armour
Potions
 a - a potion of berserk rage {unknown}
 b - a potion of attraction
 c - a potion of heal wounds {unknown}
 d - a potion of invisibility {unknown}
 i - a potion of flight {unknown}
 L - 3 potions of resistance {!q!d}
 O - 3 potions of haste {!q!d}


   Skills:
 - Level 5.0 Fighting
 - Level 2.0 Dodging
 - Level 1.0 Stealth
 - Level 3.0 Unarmed Combat
 - Level 2.0 Spellcasting
 * Level 5.6 Transmutations


You had 4 spell levels left.
You knew the following spells:

 Your Spells              Type           Power      Damage    Failure   Level
a - Beastly Appendage     Tmut           44%        N/A       8%          1
b - Wereblood             Tmut           22%        N/A       10%         2
c - Spider Form           Tmut/Pois      11%        N/A       36%         3

Your spell library contained the following spells:

 Spells                   Type           Power      Damage    Failure   Level
 Animate Skeleton         Necr           2%         N/A       38%         1
 Apportation              Tloc           2%         N/A       38%         1
 Shock                    Conj/Air       4%         1d3       38%         1
 Summon Small Mammal      Summ           4%         N/A       38%         1
 Swiftness                Air            1%         N/A       69%         3
 Ice Form                 Ice/Tmut       11%        N/A       71%         4
 Airstrike                Air            0%         N/A       96%         4
 Alistair's Intoxication  Tmut/Pois      7%         N/A       95%         5


Dungeon Overview and Level Annotations

Branches:
Dungeon (5/15)             Temple (1/1) D:4

Altars:
Ashenzari
Cheibriados
Dithmenos
Fedhas
Hepliaklqana
Kikubaaqudgha
Nemelex Xobeh
Okawaru
Qazlal
Ru
Sif Muna
Trog
Uskayaw
Vehumet
Wu Jian
Zin
The Shining One

Annotations:
D:2 Terence
D:3 exclusions: adder and centaur
D:4 exclusion: jackal, Edmund, Ijyb
D:5 exclusion: killer bee


Innate Abilities, Weirdness & Mutations

You are a venomous arachnid creature.
You have poisonous fangs.
You are tiny and dextrous.
Your spellcasting is less reliable in this form.
Your armour is entirely melded.
You are incapable of wielding weapons or throwing items.
You cannot wear most types of armour.
((You are amphibious.))
You can wear up to eight rings at the same time.
((Your skin changes colour to match your surroundings (Stealth+).))
((Your rubbery body absorbs attacks. (AC +1, EV +1)))
((You are camouflaged when in or above water. (Stealth+)))
((You have tentacles for arms and can constrict up to eight enemies at once.))


Message History

Casting: Beastly Appendage (safe; 2% risk of failure)
Confirm with . or Enter, or press ? or * to list all spells.
You turn into a venomous arachnid creature.
Okay, then.
You hit the ogre.
The ogre is lightly wounded.
The ogre hits you with a +0 giant club!!
You bite the ogre!
The ogre is poisoned.
The ogre is heavily wounded.
Your transformation is almost over.
The ogre hits you with a +0 giant club!!
Ouch! That really hurt!
* * * LOW HITPOINT WARNING * * *
You bite the ogre!
The ogre looks as sick as possible!
The ogre is severely wounded.
You hit the ogre.
The ogre looks as sick as possible!
The ogre is almost dead.
You kill the ogre!
Cheibriados thoroughly appreciates the change of pace.
You have reached level 7!
Really quaff
N - a potion of curing {!q!d}?
You feel better. The black bear completely misses you.
The black bear claws you.
* * * LOW HITPOINT WARNING * * *
The black bear barely misses you.
You hit the black bear but do no damage.
The black bear is poisoned.
The black bear bites you.
* * * LOW HITPOINT WARNING * * *
The black bear claws you but does no damage.
The black bear claws you.
* * * LOW HITPOINT WARNING * * *
You hit the black bear.
The black bear looks as sick as possible!
The black bear is lightly wounded.
The black bear bites you.
* * * LOW HITPOINT WARNING * * *
The black bear claws you.
* * * LOW HITPOINT WARNING * * *
The black bear claws you.
You die...

.###.#.## #.# #W #..##
# #.# # #. #..# # #.#
#.#.###..######## #
####.###
................#.##
.......
.....#................$
####.# #..#
####...######.####
##...####
#..######...######.#
........#
#..##.shZ).........#
...####.#
#..##.###.......#>.#
##.# #.###..##.#
#..####.....
#.####.........# #..#
#... #.............##
##.# ....
#.########..#.+ #.# #.#
#..### ### #.# #..#
##.# #..#


You could see a black bear (extremely poisoned) and a water moccasin skeleton.

Vanquished Creatures
  An ogre (D:5)
  A water moccasin skeleton (D:3)
  2 orc priests
  Jessica (D:2)
  2 iguanas
  3 orc wizards (D:4)
  2 hound skeletons (D:4)
  6 adders
  An ufetubus (D:5)
  An adder skeleton (D:4)
  A worm (D:3)
  3 dart slugs
  7 orcs
  7 ball pythons
  A bat (D:3)
  7 endoplasms
  3 giant cockroaches
  6 goblins
  4 hobgoblins
  2 jackals (D:3)
  3 kobolds
  2 quokkas
  A frilled lizard (D:3)
  2 rats (D:2)
69 creatures vanquished.

Vanquished Creatures (others)
  2 fungi (D:2)
  4 plants (D:2)
6 creatures vanquished.

Grand Total: 75 creatures vanquished

Notes
Turn   | Place    | Note
-------+----------+-------------------------------------------
     0 | D:1      | buhh the Octopode Transmuter began the quest for the Orb.
     0 | D:1      | Reached XP level 1. HP: 13/13 MP: 3/3
   121 | D:1      | Reached XP level 2. HP: 11/19 MP: 5/5
   780 | D:2      | Noticed Terence
   790 | D:2      | Noticed Jessica
   901 | D:2      | Reached XP level 3. HP: 16/25 MP: 6/6
  1214 | D:2      | Found a faded altar of an unknown god.
  1961 | D:3      | Reached XP level 4. HP: 32/32 MP: 5/7
  2000 | D:3      | Noticed a centaur
  2473 | D:3      | Reached XP level 5. HP: 20/38 MP: 8/8
  3049 | D:2      | Killed Jessica
  3626 | D:4      | Reached XP level 6. HP: 37/45 MP: 6/9
  3705 | D:4      | Found a staircase to the Ecumenical Temple.
  3733 | Temple   | Entered the Ecumenical Temple
  3872 | Temple   | Became a worshipper of Cheibriados the Contemplative
  3915 | D:4      | Found a sacrificial altar of Ru.
  4328 | D:4      | Noticed Ijyb
  4507 | D:4      | Noticed Edmund
  4984 | D:3      | Learned a level 2 spell: Wereblood
  4988 | D:3      | Learned a level 3 spell: Spider Form
  5581 | D:5      | Entered Level 5 of the Dungeon
  6095 | D:5      | Noticed a black bear
  6105 | D:5      | Reached XP level 7. HP: 6/50 MP: 1/10
  6107 | D:5      | HP: 2/50 [black bear (2)]
  6107 | D:5      | Slain by a black bear

Illustrated notes

Levels and vault maps discovered:
D:1:      onia_arrival_mini_spirals, layout_rooms, minmay_misc_feat_columns,
          minmay_distorted
D:2:      layout_loops_ring, shapermc_ecumenical_altar_ellora,
          amethyst_killhole, uniq_jessica, uniq_terence
D:3:      layout_basic
D:4:      layout_loops_corners, nicolae_ru_the_path_less_chosen,
          minmay_temple_entry_mist, uniq_ijyb, uniq_edmund
D:5:      layout_loops_ring, st_stairs_7, kennysheep_nondescript
Temple:   mainiacjoe_temple_hex_bubbles

Skill      XL: |  1  2  3  4  5  6 |
---------------+-------------------+-----
Stealth        | 1 |  1.0
Fighting       | 2 3 4 5 |  5.0
Transmutations | 3 5 |  5.6
Dodging        | |  2.0
Unarmed Combat | |  3.0
Spellcasting   | |  2.0

Action                   |  1- 3 |  4- 6 |  7- 9 || total
-------------------------+-------+-------+-------++-------
Melee: Unarmed           |    56 |   127 |     2 ||   185
       Constrict         |    13 |    31 |       ||    44
       Kick              |    13 |    36 |       ||    49
       Tentacles         |     9 |    21 |       ||    30
       Punch             |     2 |     4 |       ||     6
 Cast: Beastly Appendage |    19 |    34 |       ||    53
       Spider Form       |       |     2 |       ||     2
  Use: Scroll            |       |     4 |       ||     4
       Potion            |       |     2 |     1 ||     3
 Stab: Sleeping          |     5 |     5 |       ||    10
Armor: Skin              |     2 |     7 |     1 ||    10
Dodge: Dodged            |    31 |    78 |     2 ||   111
